 Dungeon Crawl Stone Soup version 0.28.0-53-g5a82cb258f (webtiles) character file.

Game seed: 2892756743313804258

1061 infcreate the Sneak (level 8, 41/41 HPs)
             Began as a Vampire Enchanter on July 28, 2022.
             Quit the game on level 4 of the Dungeon.
             The game lasted 00:10:09 (5847 turns).

infcreate the Sneak (Vampire Enchanter)             Turns: 5847, Time: 00:10:10

Health: 41/41      AC:  2    Str:  7    XL:     8   Next: 6%
Magic:  14/14      EV: 14    Int: 18    God:
Gold:   160        SH:  0    Dex: 16    Spells: 4/15 levels left

rFire   . . .      SeeInvis +   a - +1 dagger
rCold   + + .      Faith    .   (no shield)
rNeg    + + +      Spirit   .   b - +0 robe
rPois   ∞          Reflect  .   (no helmet)
rElec   .          Harm     .   (no cloak)
rCorr   .          Rampage  .   (no gloves)
Will    .....                   (no boots)
Stlth   ++++++....              (no amulet)
HPRegen 0.13/turn               Z - ring of wizardry
MPRegen 0.14/turn               (no ring)

@: bloodless
A: bloodless, fangs 3, see invisible, vampiric 2
a: Bat Form, Revivify


You were on level 4 of the Dungeon.
You visited 1 branch of the dungeon, and saw 4 of its levels.

You collected 160 gold pieces.


Innate Abilities, Weirdness & Mutations

You do not regenerate when monsters are visible.
You are frail without blood (-20% HP).
You can heal yourself when you bite living creatures.
You are immune to poison.
You have razor-sharp teeth.
You have supernaturally acute eyesight. (SInv)
You are afflicted with vampirism and can become a bat while bloodless.


   Skills:
 + Level 4.6 Short Blades
 + Level 5.1 Dodging
 + Level 7.8 Stealth
 + Level 4.2 Spellcasting
 + Level 7.4 Hexes


You had 4 spell levels left.
You knew the following spells:

 Your Spells              Type           Power      Damage    Failure   Level
c - Confusing Touch       Hex            30%        N/A       1%          3
d - Tukima's Dance        Hex            30%        N/A       1%          3
e - Ensorcelled Hibernat  Hex/Ice        34%        N/A       1%          2
f - Dazzling Flash        Conj/Hex       34%        N/A       4%          3

Your spell library contained the following spells:

 Spells                   Type           Power      Damage    Failure   Level
 Corpse Rot               Necr/Air       6%         N/A       9%          2
 Poisonous Vapours        Pois/Air       6%         N/A       9%          2

Inventory:

Hand Weapons
 a - a +1 dagger (weapon)
Armour
 b - a +0 robe (worn)
Magical Staves
 g - a staff of death {!a}
Jewellery
 Z - a ring of wizardry (left hand)
Scrolls
 d - a scroll of vulnerability {unknown}
 i - a scroll of summoning {unknown}
 k - a scroll of noise {unknown}
 l - a scroll of immolation
 n - a scroll of fear {unknown}
 p - a scroll of magic mapping {unknown}
 q - 2 scrolls of silence {!r}
Potions
 c - a potion of invisibility
 e - a potion of attraction {unknown}
 f - a potion of might {unknown}
 h - 2 potions of flight
 j - 4 potions of curing {@q1}
 m - a potion of degeneration {unknown}
 o - a potion of haste {unknown}

Dungeon Overview and Level Annotations

Branches:
Dungeon (4/15)
 Temple: D:4-7

Altars:
Makhleb
Lugonu

Shops:
D:1 (

Portals:
Abyss: D:4

######.#
#..........###.########.
.......# #.......(.##
#.# #. ########
##......### ##.## #.
#### ##.#...#
##.#.#######. ...#
#.##.## #.###.†......
##.# #.##.#
##.#..####### ##.#####
#.##.# ##.#.# #...##.##
#.##.#########.#
..#.....#
#.##.@.........#
#.).##.##
#.##############
##)##.#.####.#
#.#.###.....#
#.##.#.###### ##.###.##
...# ### ####


There were no monsters in sight!


Message History

The necrophage splashes around in the water.
You barely miss the necrophage. Your bite misses the necrophage.
The necrophage splashes around in the water.
You barely miss the necrophage. The necrophage misses you.
You hit the necrophage but do no damage.
The necrophage appears confused.
You catch the helpless necrophage completely off-guard!
You impale the necrophage!!
The necrophage is almost destroyed.
The necrophage hits you.
You barely miss the necrophage.
The necrophage is almost destroyed.
The necrophage barely misses you.
You catch the helpless necrophage completely off-guard!
You impale the necrophage!!
You destroy the necrophage!
Your Dodging skill increases to level 5!
You have reached level 8!
Okay, then.
You enter the shallow water.
Moving in this stuff is going to be slow.
Found a dagger.
There is an open door here.
Found an escape hatch in the floor.
Found an escape hatch in the ceiling.
There is an escape hatch in the ceiling here.
Items here: ) [ ÷÷.
Done exploring.
Done exploring.
Are you sure you want to abandon this character and quit the game? (Confirm with "yes".)

Skill      XL: |  1  2  3  4  5  6  7 |
---------------+----------------------+-----
Short Blades   | 2 3 4 |  4.6
Stealth        | 5 6 7 |  7.8
Hexes          | 5 6 7 |  7.4
Dodging        | 3 4 5 |  5.1
Spellcasting   | 3 4 |  4.2

Action                   |  1- 3 |  4- 6 |  7- 9 || total
-------------------------+-------+-------+-------++-------
Melee: Dagger            |    88 |    82 |    66 ||   236
       Bite              |     6 |     7 |    10 ||    23
       Punch             |     1 |     2 |       ||     3
 Cast: Ensorcelled Hiber |    17 |    24 |     1 ||    42
       Confusing Touch   |     1 |    12 |     8 ||    21
       Tukima's Dance    |       |       |     3 ||     3
 Abil: Exsanguinate      |     1 |       |       ||     1
  Use: Scroll            |       |     4 |       ||     4
 Stab: Sleeping          |    31 |    22 |     4 ||    57
       Confused          |     1 |     9 |     6 ||    16
Armor: Robe              |     9 |     4 |     1 ||    14
Dodge: Dodged            |    35 |    54 |    24 ||   113

Levels and vault maps discovered:
D:1:      dpeg_arrival_houses_and_road, layout_loops_ring, serial_shops, shop,
          chequers_big_river, minmay_misc_feat_more_columns,
          minmay_misc_feat_diagonals, grunt_decor_clamped
D:2:      layout_loops_corners, shapermc_ecumenical_altar_acropolis
D:3:      layout_basic, minmay_shallow_snake_nest, uniq_grinder, uniq_natasha
D:4:      layout_loops_ring, makhleb_blood_cavern_becter, hex_large,
          kennysheep_path_1, chequers_decorated_corner, chequers_mini_garden,
          amcnicky_altar_lugonu_corruption

Notes
Turn   | Place    | Note
-------+----------+-------------------------------------------
     0 | D:1      | infcreate the Vampire Enchanter began the quest for the
                  | Orb.
     0 | D:1      | Reached XP level 1. HP: 13/13 MP: 3/3
   157 | D:1      | Reached XP level 2. HP: 10/15 MP: 5/5
   160 | D:1      | Learned a level 2 spell: Ensorcelled Hibernation
   804 | D:1      | Found Yrghuluen's Weapon Shop.
  1007 | D:1      | Gained mutation: You are afflicted with vampirism and can
                  | become a bat while bloodless. [Vampire growth]
  1007 | D:1      | Reached XP level 3. HP: 19/19 MP: 3/6
  1011 | D:1      | Learned a level 3 spell: Confusing Touch
  1865 | D:2      | Reached skill level 2 in Short Blades
  1865 | D:2      | Reached skill level 5 in Stealth
  2057 | D:2      | Reached skill level 5 in Hexes
  2465 | D:2      | Reached XP level 4. HP: 24/24 MP: 4/7
  2693 | D:2      | Found a faded altar of an unknown god.
  3181 | D:3      | Reached skill level 3 in Dodging
  3431 | D:3      | Noticed Natasha
  3479 | D:3      | Killed Natasha
  3480 | D:3      | Reached XP level 5. HP: 25/28 MP: 5/9
  3484 | D:3      | Learned a level 3 spell: Tukima's Dance
  3754 | D:3      | Noticed Grinder
  3769 | D:3      | Killed Grinder
  3770 | D:3      | Reached skill level 3 in Short Blades
  3770 | D:3      | Reached skill level 6 in Stealth
  3770 | D:3      | Reached skill level 3 in Spellcasting
  3770 | D:3      | Reached skill level 6 in Hexes
  3770 | D:3      | Reached XP level 6. HP: 14/32 MP: 7/10
  3790 | D:3      | Noticed Natasha
  4127 | D:3      | Killed Natasha
  4532 | D:4      | Learned a level 3 spell: Dazzling Flash
  4585 | D:4      | Found a corrupted altar of Lugonu.
  4585 | D:4      | Found a one-way gate to the infinite horrors of the Abyss.
  4612 | D:4      | Reached skill level 4 in Dodging
  4774 | D:4      | Found a burning altar of Makhleb.
  4792 | D:4      | Reached XP level 7. HP: 32/36 MP: 9/12
  4890 | D:4      | Reached skill level 7 in Stealth
  4899 | D:4      | Reached skill level 4 in Short Blades
  4970 | D:4      | Reached skill level 7 in Hexes
  5435 | D:4      | Reached skill level 4 in Spellcasting
  5444 | D:4      | Identified the +10 whip "Vungyav" {freeze, Drain +Blink
                  | rC+++ Dex+2}
  5710 | D:4      | Reached skill level 5 in Dodging
  5710 | D:4      | Reached XP level 8. HP: 35/41 MP: 11/14
  5847 | D:4      | Quit the game

Vanquished Creatures
  Grinder (D:3)
  2 black bears (D:4)
  An ice beast (D:4)
  2 necrophages (D:4)
  A scorpion (D:4)
  An orc priest (D:3)
  Natasha (twice) (D:3)
  2 orc wizards (D:4)
  A hound skeleton (D:4)
  6 adders
  2 adder skeletons (D:4)
  2 worms (D:4)
  2 dart slugs (D:1)
  4 orcs
  9 ball pythons
  9 endoplasms
  6 giant cockroaches
  4 goblins
  5 hobgoblins
  6 kobolds
  4 quokkas
  4 bats
  4 frilled lizards
  5 rats
  2 lurking horrors (D:4)
87 creatures vanquished.

Vanquished Creatures (collateral kills)
  An ogre (D:4)
1 creature vanquished.

Vanquished Creatures (others)
  A dancing weapon (D:4)
  4 fungi
  5 plants
10 creatures vanquished.

Grand Total: 98 creatures vanquished

Table legend: (Time is in decaauts)
 A = Elapsed time spent in this place.
 B = Non-inter-level travel time spent in this place.
 C = Inter-level travel time spent in this place.
 D = Time resting spent in this place.
 E = Time spent auto-exploring this place.
 F = Levels seen in this place.
 G = Mean time per level.
                   A        B        C        D        E       F      G
               +--------+--------+--------+--------+--------+-----+--------+
         Total |   5825 |   5703 |    122 |    593 |   4200 |   4 | 1456.2 |
       Dungeon |   5825 |   5703 |    122 |    593 |   4200 |   4 | 1456.2 |
               +--------+--------+--------+--------+--------+-----+--------+

Top non-repeatable levels by time:
     D:1: 1640 daAuts
     D:3: 1579 daAuts
     D:4: 1335 daAuts
     D:2: 1269 daAuts

Table legend:
 A = Non-vault XP
 B = Vault XP
 C = Vault XP percentage of total XP
 D = Non-vault monster count
 E = Vault monster count
 F = Vault count percentage of total count
                 A         B        C        D         E       F
            +---------+---------+-------+---------+---------+-------
      Total |    1060 |     456 |  30.1 |      77 |       9 |  10.5
            +---------+---------+-------+---------+---------+-------
        D:1 |      49 |       0 |   0.0 |      23 |       0 |   0.0
        D:2 |      51 |       0 |   0.0 |      19 |       0 |   0.0
        D:3 |      97 |     323 |  76.9 |      13 |       7 |  35.0
        D:4 |     863 |     133 |  13.4 |      22 |       2 |   8.3
            +---------+---------+-------+---------+---------+-------
